Map: Blackburn LE

Players

Krystianer

  • Race: Protoss Protoss

Elazer - Winner!

  • Race: Zerg Zerg

Event: DreamHack SC2 Masters 2021 Winter

VOD

Have the link to the VOD?

Description

Time

  • Played on: Oct. 2, 2021, 1:34 p.m.
  • Length: 22:04

All games in this series

Show
View Real Time Build Order
Export as new Build Order

Krystianer Protoss 

Build Orders: 1 Gate Expand, Oracle Opening, Archon Immortal, Carriers, Mass Phoenix 

Get SALT Encoding   

  12  0:00  Probe  
  13  0:12  Probe  
  14  0:19  Pylon  
  14  0:24  Probe  
  15  0:37  Probe (Chrono Boost)  
  15  0:40  Gateway  
  16  0:47  Assimilator, Probe (Chrono Boost)  
  17  0:52  Probe (Chrono Boost)  
  18  1:04  Probe  
  19  1:16  Probe  
  20  1:24  Nexus  
  20  1:34  Cybernetics Core  
  20  1:38  Probe  
  21  1:44  Assimilator  
  21  1:50  Probe  
  21  1:53  Pylon  
  22  2:02  Probe  
  23  2:08  Adept (Chrono Boost)  
  23  2:15  Probe  
  26  2:17  Stargate  
  26  2:24  Warp Gate  
  26  2:28  Adept (Chrono Boost), Probe (Chrono Boost)  
  27  2:36  Probe (Chrono Boost)  
  31  2:45  Probe x2 (Chrono Boost)  
  31  2:50  Probe (Chrono Boost)  
  31  2:51  Probe  
  34  2:59  Oracle (Chrono Boost)  
  34  3:02  Probe  
  34  3:03  Probe  
  39  3:07  Shield Battery  
  39  3:10  Stalker  
  41  3:15  Probe  
  41  3:16  Probe  
  44  3:27  Probe  
  44  3:28  Probe  
  45  3:39  Probe  
  45  3:40  Probe  
  45  3:44  Assimilator  
  45  3:48  Gateway, Assimilator  
  43  3:50  Pylon  
  43  3:51  Probe  
  43  3:52  Probe  
  45  3:58  Stargate  
  45  4:03  Probe  
  45  4:06  Pylon  
  45  4:08  Phoenix (Chrono Boost), Probe  
  49  4:13  Pylon  
  49  4:15  Adept, Probe  
  52  4:20  Probe, Pylon  
  53  4:27  Probe  
  53  4:29  Phoenix (Chrono Boost)  
  56  4:44  Adept x2  
  56  4:45  Phoenix (Chrono Boost), Probe  
  60  4:48  Phoenix (Chrono Boost)  
  63  4:53  Pylon  
  63  5:01  Nexus  
  63  5:05  Probe  
  63  5:06  Probe  
  65  5:13  Phoenix (Chrono Boost)  
  67  5:16  Phoenix (Chrono Boost)  
  67  5:18  Pylon  
  69  5:29  Phoenix (Chrono Boost)  
  69  5:30  Probe  
  69  5:31  Probe  
  69  5:34  Phoenix  
  75  5:44  Robotics Facility  
  75  5:45  Robotics Facility  
  75  5:48  Probe  
  76  5:52  Zealot  
  76  5:54  Phoenix  
  80  5:57  Zealot  
  80  5:58  Probe  
  80  6:01  Probe  
  80  6:03  Phoenix  
  86  6:10  Probe  
  87  6:13  Protoss Air Weapons Level 1 (Chrono Boost), Probe, Pylon  
  87  6:14  Zealot, Probe  
  91  6:19  Zealot  
  91  6:23  Phoenix, Probe  
  91  6:25  Probe  
  97  6:33  Twilight Council  
  97  6:34  Forge  
  97  6:35  Probe x2  
  97  6:37  Probe  
  100  6:40  Assimilator  
  100  6:46  Assimilator  
  100  6:47  Probe  
  100  6:52  Gateway x2  
  100  6:53  Probe  
  102  6:55  Probe  
  102  6:59  Probe  
  104  7:02  Charge  
  104  7:05  Probe  
  105  7:10  Gateway x2  
  105  7:12  Pylon  
  105  7:16  Protoss Ground Weapons Level 1 (Chrono Boost)  
  105  7:22  Templar Archives  
  105  7:29  Warp Prism (Chrono Boost)  
  105  7:32  Zealot x2  
  107  7:42  Nexus  
  107  7:46  Gateway, Probe  
  107  7:47  Probe  
  107  7:48  Probe  
  107  7:50  Gateway  
  110  7:58  Pylon  
  110  7:59  Probe  
  110  8:02  Zealot x4  
  119  8:09  Zealot x2  
  119  8:11  Probe  
  119  8:12  Pylon  
  123  8:13  Probe  
  123  8:18  Probe  
  123  8:19  Robotics Facility  
  124  8:23  Probe  
  124  8:24  High Templar x4  
  133  8:29  Immortal (Chrono Boost), Archon x2  
  133  8:33  High Templar x2  
  139  8:37  Probe  
  139  8:40  Probe  
  139  8:44  Probe  
  140  8:55  Archon, Probe, Pylon  
  141  8:56  Pylon  
  141  8:59  Zealot x4, Pylon  
  141  9:01  Assimilator  
  149  9:05  Immortal (Chrono Boost), Assimilator  
  149  9:11  Protoss Ground Weapons Level 2 (Chrono Boost)  
  149  9:14  Immortal (Chrono Boost)  
  149  9:16  Sentry x2  
  153  9:17  Sentry  
  155  9:26  High Templar x4  
  163  9:31  Pylon  
  163  9:33  Pylon  
  163  9:34  Observer (Chrono Boost)  
  164  9:39  Archon x2  
  164  9:42  Immortal (Chrono Boost), Zealot x4  
  176  9:46  Probe  
  177  9:54  Immortal  
  169  10:06  Zealot x7  
  183  10:13  Pylon  
  183  10:15  Pylon  
  183  10:20  Immortal  
  175  10:29  Zealot x7  
  175  10:33  Immortal  
  147  10:49  Zealot  
  127  10:50  Zealot x6  
  131  11:06  Immortal (Chrono Boost)  
  131  11:10  Immortal (Chrono Boost)  
  121  11:15  Blink  
  119  11:23  High Templar x4  
  119  11:24  High Templar x4  
  135  11:27  Archon x2  
  135  11:28  Archon x2  
  135  11:29  Nexus  
  127  11:36  Immortal (Chrono Boost)  
  127  11:39  Immortal (Chrono Boost)  
  129  11:43  Protoss Ground Weapons Level 3  
  129  11:47  Probe x2, Pylon  
  135  11:56  High Templar x2  
  135  11:57  Zealot, High Templar x2  
  135  11:58  Zealot x2  
  135  12:01  Zealot, Archon x2  
  151  12:05  Probe  
  151  12:07  Immortal  
  151  12:08  Probe  
  154  12:09  Probe  
  154  12:10  Probe  
  160  12:17  Probe  
  160  12:21  Sentry x3  
  160  12:22  Stalker  
  164  12:25  Probe x2  
  164  12:29  Zealot x3  
  167  12:34  Probe  
  160  12:40  Probe  
  160  12:41  Probe x2  
  160  12:42  Zealot  
  157  12:45  Zealot x4  
  157  12:47  Immortal  
  157  12:50  Stalker x3  
  166  12:54  Probe (Chrono Boost)  
  157  12:59  Void Ray (Chrono Boost)  
  157  13:00  Void Ray (Chrono Boost), Probe (Chrono Boost)  
  157  13:03  Probe (Chrono Boost)  
  158  13:05  Probe (Chrono Boost)  
  158  13:11  Stargate  
  165  13:14  Probe x3 (Chrono Boost)  
  168  13:21  Probe  
  168  13:22  Probe  
  164  13:29  Zealot x7  
  164  13:33  Void Ray (Chrono Boost), Zealot  
  164  13:34  Probe x2  
  169  13:35  Probe  
  169  13:38  Void Ray (Chrono Boost)  
  167  13:45  Probe  
  170  13:50  Zealot  
  172  13:56  Zealot  
  172  14:01  Zealot x2  
  178  14:04  High Templar x4  
  178  14:07  Warp Prism (Chrono Boost)  
  186  14:10  Archon  
  186  14:11  Archon  
  186  14:12  Probe  
  186  14:16  Probe x2  
  191  14:17  Probe  
  191  14:21  Probe  
  193  14:31  Probe x2  
  193  14:32  Probe x2  
  192  14:40  Stalker x4  
  192  14:41  Zealot  
  197  14:48  Probe x2  
  197  14:50  Zealot x2  
  197  14:52  Zealot  
  200  14:59  Probe  
  199  15:00  Probe x2  
  199  15:02  Void Ray (Chrono Boost)  
  197  15:11  Void Ray (Chrono Boost)  
  197  15:12  Fleet Beacon  
  197  15:13  Psionic Storm  
  197  15:17  Assimilator  
  197  15:20  Assimilator  
  189  15:29  Void Ray (Chrono Boost)  
  189  15:30  Probe  
  180  16:05  Stalker x2  
  180  16:10  Carrier x3 (Chrono Boost)  
  198  16:17  High Templar  
  196  16:21  Zealot x3  
  193  16:25  Zealot x2  
  193  16:27  Probe x2  
  193  16:28  Zealot x2  
  193  16:31  Probe  
  200  16:38  Probe x2  
  199  16:42  Zealot  
  199  16:43  Zealot  
  200  16:51  High Templar  
  200  17:00  Cybernetics Core  
  200  17:26  Pylon  
  200  17:27  Zealot  
  192  17:39  Zealot x2  
  192  17:40  Zealot x2  
  185  17:50  Zealot x3  
  185  17:51  Zealot  
  175  17:57  Probe  
  173  18:00  Carrier x3 (Chrono Boost)  
  185  18:21  Cybernetics Core  
  185  18:22  Nexus  
  185  18:24  Cybernetics Core  
  185  18:27  High Templar x3  
  185  18:28  Observer  
  185  18:29  Zealot  
  185  18:31  Zealot x2, Nexus  
  185  18:32  Zealot, Archon  
  192  18:36  Zealot  
  192  18:38  Probe  
  190  19:03  Probe  
  187  19:19  Protoss Air Armor Level 1  
  187  19:22  Protoss Air Weapons Level 2  
  187  19:23  High Templar  
  187  19:24  High Templar x2  
  185  19:36  Zealot  
  185  19:37  Pylon  
  185  19:38  Zealot  
  189  19:52  Void Ray x2  
  171  20:02  Probe x3  
  171  20:06  Zealot, Assimilator  
  169  20:09  Zealot  
  169  20:10  Assimilator  
  163  20:14  Probe  
  163  20:20  Probe  
  163  20:23  Zealot  
  163  20:24  Probe x2  
  163  20:25  Probe  
  168  20:38  Probe  
  168  20:39  Probe x3  
  172  20:51  Zealot x3  
  172  20:56  Zealot  
  174  21:03  Zealot  
  151  21:24  Probe (Chrono Boost)  
  151  21:25  Probe x2 (Chrono Boost)  
  154  21:27  Probe (Chrono Boost)  
  148  21:39  Zealot  
  148  21:40  Probe  
  149  22:00  Zealot  
Show
View Real Time Build Order
Export as new Build Order

Elazer Zerg - Winner!

Build Orders: Hatch First, Brood Lord Corruptor 

Get SALT Encoding   

  12  0:00  Drone  
  13  0:12  Overlord  
  13  0:16  Drone  
  14  0:30  Drone x2  
  16  0:48  Hatchery  
  15  0:51  Drone  
  15  0:55  Drone  
  17  0:58  Drone  
  18  1:09  Extractor  
  17  1:13  Spawning Pool  
  17  1:16  Drone  
  17  1:20  Drone  
  18  1:28  Drone  
  19  1:39  Drone  
  20  1:47  Hatchery  
  20  1:51  Drone  
  20  2:00  Queen  
  22  2:02  Drone  
  22  2:06  Drone  
  24  2:10  Drone  
  24  2:15  Overlord  
  25  2:23  Queen  
  25  2:26  Drone  
  28  2:34  Zergling x4  
  30  2:37  Queen  
  30  2:40  Drone  
  33  2:44  Metabolic Boost  
  33  2:47  Drone  
  33  2:49  Drone  
  35  2:56  Zergling x2  
  36  2:58  Queen  
  36  3:00  Zergling x2  
  36  3:04  Overlord  
  39  3:12  Drone x3  
  42  3:19  Evolution Chamber  
  41  3:24  Drone x2  
  41  3:26  Drone x2  
  44  3:30  Drone x3  
  48  3:35  Spore Crawler  
  48  3:40  Drone x3  
  48  3:44  Drone  
  48  3:45  Drone  
  49  3:55  Drone x4  
  50  4:02  Drone x2  
  49  4:03  Drone  
  49  4:06  Drone  
  50  4:14  Overlord  
  50  4:21  Overlord  
  50  4:31  Queen  
  50  4:35  Drone x6  
  50  4:38  Overlord  
  57  4:40  Drone x4  
  57  4:44  Drone x4  
  65  4:50  Overlord  
  65  4:51  Roach Warren  
  64  4:55  Drone x2  
  64  4:57  Drone  
  66  5:00  Drone  
  66  5:03  Overlord  
  66  5:04  Drone x3  
  70  5:08  Queen  
  70  5:10  Lair  
  70  5:11  Extractor  
  70  5:13  Drone x2, Extractor  
  72  5:14  Drone x3  
  72  5:17  Drone  
  72  5:19  Overlord  
  76  5:25  Overlord  
  76  5:27  Zergling x2  
  77  5:33  Zergling x10  
  82  5:40  Extractor  
  82  5:41  Overlord  
  81  5:45  Queen  
  81  5:46  Queen  
  81  5:49  Overlord  
  85  5:54  Zergling x6  
  85  5:55  Hatchery  
  87  5:58  Spore Crawler  
  87  5:59  Overlord  
  87  6:03  Overlord  
  87  6:04  Drone x4  
  87  6:07  Drone x3  
  89  6:20  Drone x7  
  89  6:21  Queen x2  
  89  6:22  Spore Crawler  
  89  6:24  Spore Crawler  
  89  6:25  Queen  
  93  6:27  Drone x3  
  93  6:29  Drone x2  
  93  6:32  Drone x3  
  93  6:35  Drone  
  94  6:43  Drone x5  
  94  6:46  Infestation Pit  
  98  6:47  Spore Crawler  
  98  6:51  Overlord  
  97  6:57  Drone x2, Spore Crawler  
  97  6:58  Drone  
  96  7:02  Evolution Chamber  
  96  7:03  Queen x2  
  96  7:05  Queen  
  96  7:06  Drone  
  102  7:09  Overseer  
  102  7:11  Drone x4  
  106  7:15  Drone x5  
  106  7:17  Drone  
  106  7:22  Queen  
  114  7:24  Drone x4  
  114  7:34  Drone x8, Spore Crawler  
  114  7:36  Extractor  
  114  7:37  Zerg Missile Weapons Level 1  
  120  7:38  Extractor  
  120  7:39  Glial Reconstitution, Overlord  
  120  7:43  Overlord  
  119  7:46  Roach x3  
  122  7:53  Roach x4  
  122  7:57  Roach  
  130  7:59  Overlord  
  130  8:00  Roach  
  130  8:01  Roach x2  
  136  8:07  Roach x5  
  136  8:12  Overlord  
  146  8:14  Roach x2  
  146  8:16  Hive  
  146  8:17  Spire  
  149  8:22  Overlord x2  
  149  8:24  Spore Crawler  
  149  8:25  Spine Crawler  
  147  8:28  Roach x4  
  153  8:35  Overlord  
  153  8:38  Roach x6  
  153  8:39  Roach  
  167  8:45  Roach x5  
  175  8:50  Spine Crawler  
  175  8:53  Spine Crawler  
  173  9:00  Roach x9  
  191  9:05  Overlord  
  191  9:10  Spine Crawler  
  191  9:12  Spore Crawler  
  191  9:13  Extractor  
  191  9:14  Extractor  
  187  9:18  Overlord x2  
  187  9:20  Hatchery  
  186  9:25  Drone x2  
  186  9:29  Overlord  
  186  9:30  Greater Spire, Adrenal Glands  
  188  9:33  Zerg Ground Armor Level 1  
  188  9:35  Evolution Chamber  
  188  9:38  Drone x6  
  184  9:47  Corruptor  
  184  9:48  Corruptor x3  
  184  9:49  Baneling Nest  
  189  9:58  Roach x7  
  189  9:59  Ravager  
  189  10:00  Ravager x4  
  189  10:02  Ravager  
  189  10:03  Ravager x2  
  189  10:06  Roach x2  
  174  10:07  Ravager  
  167  10:15  Ravager x2  
  167  10:17  Roach x3  
  157  10:36  Roach x9  
  157  10:42  Roach x4  
  158  10:46  Roach x2  
  141  10:50  Roach x3  
  141  10:52  Queen x2  
  141  10:54  Roach  
  142  10:58  Roach  
  142  10:59  Roach  
  137  11:05  Queen, Roach x2  
  137  11:06  Queen  
  137  11:08  Queen  
  137  11:10  Roach x4  
  137  11:11  Roach  
  152  11:18  Roach x2  
  130  11:23  Roach  
  130  11:24  Roach x2  
  133  11:27  Queen x2  
  133  11:33  Roach x5  
  133  11:37  Roach x2  
  145  11:42  Roach x2  
  145  11:46  Drone x3  
  152  11:56  Drone x5  
  152  11:57  Zerg Ground Armor Level 2  
  152  11:58  Zerg Melee Weapons Level 1  
  157  12:04  Zergling x4  
  157  12:06  Ravager x3  
  162  12:15  Zergling x24  
  170  12:27  Corruptor x4  
  170  12:40  Corruptor x2  
  170  12:43  Drone x4  
  170  12:44  Drone x2  
  167  13:04  Brood Lord x4  
  163  13:13  Drone x3  
  163  13:14  Brood Lord x2  
  163  13:18  Drone x6  
  165  13:29  Drone x4  
  165  13:30  Drone x6  
  169  13:36  Corruptor x2  
  169  13:41  Roach x10  
  174  13:55  Drone x6  
  179  13:56  Drone x2  
  180  14:04  Extractor x2  
  180  14:09  Brood Lord x2  
  182  14:11  Roach x6  
  192  14:25  Zergling x12  
  196  14:40  Overlord x2  
  188  14:52  Corruptor  
  188  14:53  Corruptor x2  
  188  14:57  Corruptor x4  
  196  15:03  Zergling x2  
  196  15:04  Zergling x10  
  198  15:12  Queen  
  198  15:17  Extractor  
  191  15:24  Zergling x20  
  198  15:40  Zerg Ground Armor Level 3, Zerg Melee Weapons Level 2  
  196  15:51  Spore Crawler x2  
  196  15:54  Spore Crawler  
  196  15:55  Spore Crawler  
  182  16:03  Viper x3  
  187  16:10  Spore Crawler  
  184  16:11  Spore Crawler x3  
  184  16:12  Spore Crawler x3  
  184  16:15  Zerg Flyer Armor Level 1  
  165  16:33  Zergling x12  
  169  16:45  Infestor x3  
  171  16:48  Zergling x26  
  171  16:53  Queen x2  
  171  16:54  Queen  
  186  16:58  Spine Crawler x2  
  186  16:59  Spine Crawler  
  185  17:01  Spine Crawler  
  185  17:02  Spine Crawler  
  185  17:07  Spore Crawler x2  
  185  17:08  Spore Crawler x2  
  180  17:09  Spore Crawler  
  180  17:13  Spore Crawler  
  180  17:14  Spore Crawler  
  180  17:15  Overseer x2  
  176  17:16  Spore Crawler x4  
  172  17:29  Pneumatized Carapace  
  171  17:38  Zergling x18  
  175  17:59  Spore Crawler  
  175  18:00  Corruptor x4, Spore Crawler  
  175  18:01  Spore Crawler  
  175  18:02  Spore Crawler  
  175  18:07  Corruptor x2  
  152  18:17  Infestor x2  
  155  18:27  Corruptor x2  
  159  18:40  Viper  
  159  18:41  Viper x2  
  160  18:57  Zerg Flyer Armor Level 2  
  160  18:59  Zergling x12  
  166  19:07  Zergling x10  
  169  19:28  Zergling x10  
  171  19:52  Infestor  
  171  19:53  Infestor  
  171  19:57  Zergling x18  
  178  20:29  Drone x4  
  182  20:38  Hatchery  
  182  20:39  Spore Crawler  
  182  20:40  Spore Crawler x2  
  182  20:42  Spore Crawler x2  
  176  20:48  Corruptor x2  
  179  21:02  Corruptor  
  179  21:03  Corruptor  
  180  21:10  Corruptor x2  
  175  21:19  Zergling x6  
  175  21:20  Zergling x2  

Tags
 
Add a new tag
Caveats
  • Supply blocks, unpowered buildings, or Contaminate may cause inaccurate times.
  • Supply counts are checked every 10 seconds.